 Dungeon Crawl Stone Soup version 0.31-a0-358-gac0dbeb3ab (webtiles) character file.

Game seed: 16260651749666093785

62702 MacCMillion the Metamorph (level 15, -39/122 HPs)
             Began as a Merfolk Shapeshifter on July 26, 2023.
             Was the Champion of Okawaru.
             Annihilated by Donald
             ... wielding a +1 double sword of protection
              (42 damage)
             ... on level 2 of the Orcish Mines.
             The game lasted 00:45:55 (26167 turns).

MacCMillion the Metamorph (Merfolk Shapeshifter)   Turns: 26167, Time: 00:45:55

Health: -39/122    AC: 10    Str: 26    XL:     15   Next: 7%
Magic:  26/30      EV: 15    Int:  8    God:    Okawaru [******]
Gold:   1329       SH:  0    Dex: 12    Spells: 14/14 levels left

rFire   . .          .
                       - Unarmed
rCold   . . .        (no shield)
rNeg    + . .        p - +0 chain mail
rPois   .            V - +1 hat {SInv}
rElec   .            M - scarf {shadows}
rCorr   .            (no gloves)
SInv    +            (no boots)
Will    ++...        j - amulet "Bink" {RegenMP SInv}
Stlth   ++           G - ring of willpower
HPRegen 0.40/turn    H - ring "Fihiot Ebeer" {rN+ MP+9 Str+5 Dex-4 Slay+5}
MPRegen 0.62/turn

%: no passive effects
@: heroic, finesse-ful
A: (nimble swimmer 2), mertail
a: Renounce Religion, Heroism, Finesse, Duel


You were on level 2 of the Orcish Mines.
You worshipped Okawaru.
Okawaru was exalted by your worship.
You visited 4 branches of the dungeon, and saw 20 of its levels.
You also visited: Bailey and Volcano.

You collected 1329 gold pieces.

Inventory:

Missiles
 A - a throwing net
 Q - 3 curare-tipped darts
Armour
 k - the +0 cloak of Perpetual Drought {rElec rN+ Str-3}
   (Okawaru gifted it to you in a volcano)

   Str:       It affects your strength (-3).
   rElec:     It insulates you from electricity.
   rN:        It protects you from negative energy.
 p - a +0 chain mail (worn)
 M - a scarf of shadows (worn)
 V - a +1 hat of see invisible (worn)
 W - the +1 pair of gloves of Absence {Fly Str+5}
   (Okawaru gifted it to you on level 2 of the Lair of Beasts)

   Str:       It affects your strength (+5).
   Fly:       It grants you flight.
Jewellery
 j - the amulet "Bink" (around neck) {RegenMP SInv}
   (You found it on level 2 of the Dungeon)

   [amulet of magic regeneration]

   It increases your rate of magic regeneration.
   SInv:      It lets you see invisible.
 s - a ring of resist corrosion
 t - a +6 ring of dexterity
 w - a +5 ring of evasion
 x - a ring of ice
 G - a ring of willpower (left hand)
 H - the ring "Fihiot Ebeer" (right hand) {rN+ MP+9 Str+5 Dex-4 Slay+5}
   (You took it off a gnoll on level 8 of the Dungeon)

   [ring of positive energy]

   Str:       It affects your strength (+5).
   Dex:       It affects your dexterity (-4).
   Slay:      It affects your accuracy & damage with ranged weapons and melee
   (+5).
   rN:        It protects you from negative energy.
   MP:        It affects your magic capacity (+9).
 T - a ring of poison resistance
 Z - a ring of flight
Talismans
 l - a granite talisman
 X - a maw talisman
Wands
 a - a wand of flame (45)
 E - a wand of iceblast (19)
 O - a wand of digging (4)
 U - a wand of acid (3)
Scrolls
 d - 4 scrolls of revelation
 e - 4 scrolls of immolation
 h - a scroll of torment
 q - 3 scrolls of poison
 u - 2 scrolls of blinking
 v - 2 scrolls of amnesia
 y - 4 scrolls of enchant weapon
 z - 6 scrolls of teleportation
 C - 2 scrolls of silence
 F - 2 scrolls of noise
 K - a scroll of enchant armour
 N - a scroll of fear
 R - 3 scrolls of fog
 S - a scroll of brand weapon
Potions
 b - 4 potions of lignification
 c - a potion of ambrosia {unknown}
 f - 3 potions of brilliance
 g - 14 potions of curing
 i - 3 potions of enlightenment
 m - a potion of attraction
 n - 2 potions of berserk rage
 o - 3 potions of mutation
 r - 4 potions of heal wounds
 B - a potion of cancellation
 D - 3 potions of haste
 J - a potion of resistance {unknown}
 L - 3 potions of might {unknown}
 P - 4 potions of magic
 Y - 3 potions of invisibility {unknown}
Miscellaneous
 I - a box of beasts


   Skills:
 + Level 12.4(17.4) Fighting
 * Level 11.7(16.7) Dodging
 + Level 5.5(10.5) Stealth
 + Level 15.6(20.6) Unarmed Combat
 - Level 8.0 Invocations
 + Level 16.5 Shapeshifting


You had 14 spell levels left.
You didn't know any spells.
Your spell library contained the following spells:

 Spells                   Type           Power      Damage    Failure   Level
 Poisonous Vapours        Pois/Air       0%         N/A       97%         2
 Gell's Gravitas          Tloc           0%         N/A       99%         3
 Mephitic Cloud           Conj/Pois/Air  0%         N/A       99%         3
 Teleport Other           Tloc           0%         N/A       99%         3
 Vhi's Electric Charge    Tloc/Air       0%         N/A       99%         3
 Olgreb's Toxic Radiance  Pois           0%         N/A       100%        4
 Arcjolt                  Conj/Air       0%         1d10      100%        5
 Borgnjor's Vile Clutch   Necr/Erth      0%         N/A       100%        5
 Freezing Cloud           Conj/Ice/Air   0%         6-21      100%        5
 Dispersal                Tloc           0%         N/A       100%        6
 Plasma Beam              Fire/Air       0%         2x1d10    100%        6
 Discord                  Hex            0%         N/A       100%        8
 Ignition                 Fire           0%         3d3       100%        8
 Summon Small Mammal      Summ           Unusable   N/A       N/A         1
 Call Canine Familiar     Summ           Unusable   N/A       N/A         3
 Summon Guardian Golem    Hex/Summ       Unusable   N/A       N/A         3
 Animate Dead             Necr           Unusable   N/A       N/A         4
 Death Channel            Necr           Unusable   N/A       N/A         6

Dungeon Overview and Level Annotations

Branches:
Dungeon (12/15)            Temple (1/1) D:4            Lair (5/5) D:10
 Shoals (0/4) Lair:2        Snake (0/4) Lair:3        Slime (0/5) Lair:4
    Orc (2/2) D:10         Bailey (visited)         Volcano (visited)
    Elf: Orc:2

Altars:
Ashenzari
Cheibriados
Dithmenos
Elyvilon
Fedhas
Gozag
Hepliaklqana
Kikubaaqudgha
Makhleb
Nemelex Xobeh
Okawaru
Qazlal
Ru
Sif Muna
Trog
Uskayaw
Vehumet
Wu Jian
Xom
Yredelemnul
Zin
The Shining One

Shops:
D:11 (

Annotations:
D:3 1 runed translucent door, Crazy Yiuf
D:6 3 runed translucent doors, AdnanSaban's ghost, novice GrFi
Orc:2 Donald


Innate Abilities, Weirdness & Mutations

((You are very nimble when in or above water. (Stealth+, EV+, Speed+++)))
Your lower body shifts to a powerful aquatic tail in water.


Message History

The ogre closely misses you.
Donald says, "Okawaru always makes me think of chokos."
There is a stone staircase leading up, spattered with blood here.
Okay, then.
You gain the combat prowess of a mighty hero.
The ogre hits you with a +0 giant club!!
The two-headed ogre barely misses you.
The two-headed ogre hits you with a +0 giant spiked club!
Donald hits you with a +1 double sword of protection.
You can now deal lightning-fast blows.
Donald mumbles some strange words.
Donald seems to speed up.
Donald blocks your attack. Donald blocks your attack.
The two-headed ogre hits you with a +0 giant club!
The two-headed ogre barely misses you. The ogre hits you with a +0 giant club!
You hit Donald but do no damage. You punch Donald!
Donald is lightly wounded.
Donald says, "I don't get what's so special about the number twenty-seven."
Donald hits you with a +1 double sword of protection!
* * * LOW HITPOINT WARNING * * *
Unknown command.
You hit Donald but do no damage.
Donald is lightly wounded.
Unknown command.
Donald blocks your attack.
You punch Donald, but do no damage.
Donald is lightly wounded.
Donald hits you with a +1 double sword of protection!!
* * * LOW HITPOINT WARNING * * *
You hear a shout!
Unknown command.
As you read the scroll of fear, it crumbles to dust.
You assume a fearsome visage.
The ogre looks frightened!
The two-headed ogre looks frightened!
Donald easily resists.
Donald casts a spell.
Donald seems to grow stronger.
The ogre begs, "Please don't kill me!"
Donald barely misses you.
Donald hits you with a +1 double sword of protection!!!
You die...

O.. ....#
T....$..# .....
. .#...$..#.....
#.#...... .....#
.#.#....##......
....O...........
.....[..........
..#...[$.......
......[@.$......
..<$...@........
#..............#
....O.........##
#..............
..............#
........#.####


You could see Donald (fast, strong), a two-headed ogre (fleeing) and an ogre
(fleeing).

Vanquished Creatures
  Gastronok (Lair:2)
  4 hydras
  An ogre mage (Orc:1)
  A death yak (Lair:4)
  6 two-headed ogres
  A demonic crawler (Lair:2)
  A hell knight (Volcano)
  Sonja (Orc:1)
  3 skysharks
  A salamander mystic (Volcano)
  A lindwurm (Lair:5)
  A deep elf pyromancer (Volcano)
  An orc sorcerer (D:7)
  2 orc knights (Volcano)
  A salamander (Volcano)
  6 cyclopes
  12 elephants
  5 black mambas
  2 molten gargoyles (Volcano)
  3 gargoyles (Volcano)
  Maggie (D:6)
  8 cane toads
  2 torpor snails
  11 rime drakes
  An efreet (D:10)
  7 komodo dragons
  5 trolls
  5 hornets
  24 blink frogs
  9 dream sheep
  8 polar bears
  A shadow (D:11)
  A wraith (D:8)
  2 wyverns (D:9)
  16 spriggans
  35 yaks
  3 basilisks
  3 steam dragons
  12 vampire mosquitoes
  3 acid dragons
  2 wargs
  19 water moccasins
  A swamp worm (Lair:2)
  An ice beast (D:6)
  7 black bears
  5 orc warriors
  4 boggarts (Lair:5)
  3 centaurs
  9 ogres
  20 wolves
  A phantom (D:5)
  3 kobold brigands
  12 bullfrogs
  4 gnoll sergeants
  A scorpion (D:5)
  14 wights
  16 killer bees
  A howler monkey (D:9)
  An electric eel (Lair:4)
  4 jellies
  4 hounds (D:6)
  A gnoll bouda (D:9)
  9 orc priests
  6 iguanas
  2 hell rats (Lair:5)
  8 orc wizards
  Robin (D:2)
  20 gnolls
  6 adders
  9 river rats (Lair:5)
  2 ufetubi
  2 worms
  2 dart slugs
  48 orcs
  4 ball pythons
  5 bats
  7 endoplasms
  3 giant cockroaches
  27 goblins
  8 hobgoblins
  2 jackals (D:4)
  10 kobolds
  3 quokkas
  4 frilled lizards
  8 rats
540 creatures vanquished.

Notes
Turn   | Place    | Note
-------+----------+-------------------------------------------
     0 | D:1      | MacCMillion the Merfolk Shapeshifter began the quest for
                  | the Orb.
     0 | D:1      | Reached XP level 1. HP: 15/15 MP: 1/1
   100 | D:1      | Found a faded altar of an unknown god.
   120 | D:1      | Reached XP level 2. HP: 21/21 MP: 2/2
   282 | D:1      | Reached XP level 3. HP: 27/27 MP: 3/3
   843 | D:2      | Identified the amulet "Bink" {RegenMP SInv}
  1155 | D:2      | Noticed Robin
  1261 | D:2      | Killed Robin
  1262 | D:2      | Reached XP level 4. HP: 12/34 MP: 4/4
  1932 | D:3      | Reached skill level 5 in Unarmed Combat
  1993 | D:3      | Found a runed translucent door.
  1994 | D:3      | Noticed Crazy Yiuf
  2272 | D:3      | Reached XP level 5. HP: 36/40 MP: 5/5
  2731 | D:4      | Reached XP level 6. HP: 12/48 MP: 6/6
  3815 | D:4      | Reached XP level 7. HP: 44/55 MP: 7/7
  3970 | D:4      | Found a staircase to the Ecumenical Temple.
  3994 | Temple   | Entered the Ecumenical Temple
  4015 | Temple   | Became a worshipper of Warmaster Okawaru
  4112 | D:5      | Entered Level 5 of the Dungeon
  4308 | D:5      | Reached skill level 5 in Fighting
  4460 | D:5      | Reached * piety under Okawaru
  4536 | D:5      | Reached XP level 8. HP: 44/63 MP: 8/8
  4916 | D:5      | Reached skill level 1 in Invocations
  5508 | D:5      | Found a broken altar of Ashenzari.
  5519 | D:5      | Found a hazy altar of Hepliaklqana.
  6050 | D:6      | Reached skill level 10 in Unarmed Combat
  6050 | D:6      | Reached XP level 9. HP: 72/72 MP: 11/11
  6120 | D:6      | Reached ** piety under Okawaru
  6124 | D:6      | Noticed Maggie
  6133 | D:6      | Killed Maggie
  6134 | D:6      | Reached skill level 5 in Shapeshifting
  6158 | D:6      | Found a runed translucent gate.
  6158 | D:6      | Found a runed translucent gate.
  6158 | D:6      | Found a runed translucent gate.
  6312 | D:6      | Noticed AdnanSaban's ghost (novice GrFi)
  6800 | D:7      | Noticed an orc sorcerer
  6807 | D:7      | Paralysed by an orc sorcerer for 5 turns
  6816 | D:7      | Killed an orc sorcerer
  6817 | D:7      | Reached skill level 6 in Shapeshifting
  6940 | D:7      | Reached *** piety under Okawaru
  7199 | D:7      | Reached XP level 10. HP: 82/82 MP: 12/12
  8417 | D:8      | Reached skill level 7 in Shapeshifting
  8543 | D:7      | Reached **** piety under Okawaru
  9275 | D:8      | Identified the ring "Fihiot Ebeer" {rN+ MP+9 Str+5 Dex-4
                  | Slay+5}
  9783 | D:9      | Found a flagged portal.
  9859 | Bailey   | Entered a bailey
  9881 | Bailey   | Reached skill level 5 in Invocations
  9902 | Bailey   | Reached ***** piety under Okawaru
 10112 | Bailey   | Noticed a two-headed ogre
 10121 | Bailey   | Killed a two-headed ogre
 10122 | Bailey   | Reached skill level 8 in Shapeshifting
 10122 | Bailey   | Reached XP level 11. HP: 62/90 MP: 15/15
 10302 | Bailey   | Received a gift from Okawaru
 10663 | D:9      | Reached skill level 10 in Fighting
 10959 | D:9      | Found the +10 morningstar "Eos" {elec, Halo rElec}
 11580 | D:9      | Identified the +9 scimitar of Meyqull {pain, Fragile rPois
                  | rN+ Will+}
 11624 | D:10     | Entered Level 10 of the Dungeon
 11965 | D:10     | Found a staircase to the Orcish Mines.
 12106 | D:10     | Found a staircase to the Lair.
 12134 | D:10     | Noticed a two-headed ogre
 12140 | D:10     | Killed a two-headed ogre
 12735 | D:10     | Noticed a two-headed ogre
 12748 | D:10     | Killed a two-headed ogre
 12749 | D:10     | Reached skill level 9 in Shapeshifting
 13265 | D:11     | Noticed a two-headed ogre
 13269 | D:11     | Killed a two-headed ogre
 13721 | D:11     | Noticed a cyclops
 13729 | D:11     | Killed a cyclops
 13729 | D:11     | Received a gift from Okawaru
 14022 | D:11     | Reached XP level 12. HP: 97/97 MP: 18/18
 14154 | D:11     | Reached skill level 10 in Shapeshifting
 14201 | D:11     | Identified the +2 dagger of the Spinneret {freeze, rF+
                  | Str+5}
 14320 | D:11     | Found Hulue's Antique Weapon Boutique.
 14331 | D:11     | Noticed a two-headed ogre
 14342 | D:11     | Killed a two-headed ogre
 14967 | D:12     | Reached skill level 11 in Shapeshifting
 15414 | Lair:1   | Entered Level 1 of the Lair of Beasts
 15447 | D:10     | Reached ****** piety under Okawaru
 15466 | Lair:1   | Received a gift from Okawaru
 15664 | D:10     | Reached skill level 12 in Shapeshifting
 16769 | Lair:1   | Reached skill level 13 in Shapeshifting
 17497 | Lair:1   | Received a gift from Okawaru
 17977 | Lair:2   | Reached skill level 14 in Shapeshifting
 18005 | Lair:2   | Noticed Gastronok
 18266 | Lair:2   | Killed Gastronok
 18669 | Lair:2   | Reached XP level 13. HP: 86/103 MP: 19/19
 18747 | Lair:2   | Identified the +1 pair of gloves of Absence {Fly Str+5}
                  | (Okawaru gifted it to you on level 2 of the Lair of Beasts)
 18747 | Lair:2   | Received a gift from Okawaru
 19091 | Lair:2   | Reached skill level 15 in Shapeshifting
 19322 | Lair:2   | Found a staircase to the Shoals.
 19786 | Lair:2   | Identified the +4 falchion of Charity {holy, Fly}
 20022 | Lair:3   | Reached skill level 5 in Dodging
 20380 | Lair:3   | Found a staircase to the Snake Pit.
 21333 | Lair:4   | Found a bloodstained altar of Trog.
 21399 | Lair:4   | Received a gift from Okawaru
 21399 | Lair:4   | Found the +2 cloak of the Thief {*Fog Slay-2 SInv Stlth+}
 21531 | Lair:4   | Found a staircase to the Slime Pits.
 21542 | Lair:4   | Reached XP level 14. HP: 113/113 MP: 20/20
 21745 | Lair:4   | Reached skill level 1 in Stealth
 21762 | Lair:4   | Reached skill level 15 in Unarmed Combat
 22081 | Lair:4   | Reached skill level 16 in Shapeshifting
 22400 | Lair:5   | Entered Level 5 of the Lair of Beasts
 22562 | Lair:5   | Found a dark tunnel.
 22567 | Volcano  | Entered a volcano
 23106 | Volcano  | Identified the +0 cloak of Perpetual Drought {rElec rN+
                  | Str-3} (Okawaru gifted it to you in a volcano)
 23106 | Volcano  | Received a gift from Okawaru
 23107 | Volcano  | Reached skill level 10 in Dodging
 23509 | Volcano  | Noticed an orb of fire
 23623 | Volcano  | Noticed an orb of fire
 24727 | Lair:5   | Reached skill level 5 in Stealth
 25208 | Orc:1    | Entered Level 1 of the Orcish Mines
 25289 | Orc:1    | Noticed Sonja
 25342 | Orc:1    | Killed Sonja
 25343 | Orc:1    | Reached XP level 15. HP: 89/122 MP: 21/21
 25593 | Orc:2    | Entered Level 2 of the Orcish Mines
 25769 | Orc:2    | Paralysed by an ogre mage for 4 turns
 25774 | Orc:2    | Noticed Donald
 25899 | Orc:1    | HP: 3/122 [cyclops (11)]
 26165 | Orc:2    | HP: 2/122 [Donald/+1 double sword of protection (29)]
 26167 | Orc:2    | Annihilated by Donald

Illustrated notes

Levels and vault maps discovered:
D:1:      sevenhm_arrival_forest_fort_small_1, layout_basic,
          hellmonk_ecumenical_altar_lost_god
D:2:      layout_basic, minmay_misc_feat_pillars, uniq_robin
D:3:      layout_loops_ring, serial_glass, glass_columns_b, glass_columns_a,
          uniq_crazy_yiuf_cottage
D:4:      layout_basic, minmay_temple_entry_drinking_statues, nicolae_the_louvre
D:5:      layout_basic, mainiacjoe_overflow_swirl, serial_curves,
          eino_curves_03, eino_curves_01, eino_curves_03, eino_curves_04,
          minmay_ogre_servants
D:6:      layout_loops_ring, ebering_ghost_rock_garden, uniq_maggie
D:7:      cheibrodos_wizards_tower, layout_basic, minmay_starry_boxes
D:8:      layout_loops_cross, special_room [special_room_orc],
          nicolae_two_hexagons, skrybe_limestone_x
D:9:      layout_roguey, enter_bailey_2
D:10:     layout_gridville, lair_entry_dummy, orc_0_dummy
D:11:     layout_loops_ring, serial_shops, kennysheep_mini
D:12:     layout_gridville, gauntlet_entry_generic, dreamdust_princess_bridge
Temple:   nicolae_temple_slightly_damp_pantheon
Lair:1:   layout_hall_layers
Lair:2:   layout_gridlike, elwin_shoals_entry_rocks, worms_lemuel,
          grunt_megastairs_3, lemuel_fruit_tree, serial_bayou_shore_b,
          uniq_gastronok
Lair:3:   layout_long_grid, dummy_snake_entry, chequers_serial_rivers_small_b
Lair:4:   nzn_winding_woodlands_three_and_one
          [nzn_winding_woodlands_5x15_lazy_stream,
          nzn_winding_woodlands_5x15_twine, nzn_winding_woodlands_5x15_sawtooth,
          nzn_winding_woodlands_center_triple_pond], layout_regular_city,
          slime_entry_1, basic_altar
Lair:5:   minmay_lair_end_enchanted_forest, layout_gridlike, enter_volcano_4,
          kennysheep_rathole, infiniplex_staircase_pool_2
Orc:1:    layout_caves, uniq_sonja, uniq_snorg
Orc:2:    st_orc_open, layout_caves, uniq_donald

Skill      XL: |  1  2  3  4  5  6  7  8  9 10 11 12 13 14 |
---------------+-------------------------------------------+-----
Unarmed Combat | 4 5 6 7 8 10 11 12 14 15 | 15.6
Fighting       | 2 3 4 5 7 8 9 10 11 12 | 12.4
Invocations    | 3 5 8 |  8.0
Shapeshifting  | 6 8 9 14 15 16 | 16.5
Dodging        | 7 11 | 11.7
Stealth        | 5 |  5.5

Action                     |  1- 3 |  4- 6 |  7- 9 | 10-12 | 13-15 || total
---------------------------+-------+-------+-------+-------+-------++-------
  Melee: Unarmed           |    84 |   130 |   209 |   508 |   487 ||  1418
         Punch             |     4 |     3 |    10 |    38 |    48 ||   103
         Tailslap          |       |       |     1 |     6 |       ||     7
 Invoke: Heroism           |       |       |     2 |       |     1 ||     3
         Finesse           |       |       |       |       |     1 ||     1
  Evoke: Wand              |       |       |       |     3 |     6 ||     9
    Use: Scroll            |       |       |     9 |     6 |    12 ||    27
         Potion            |       |       |       |     3 |     2 ||     5
   Stab: Distracted        |       |       |       |       |     2 ||     2
         Sleeping          |       |       |       |       |     2 ||     2
 Armour: Animal skin       |    11 |       |       |       |       ||    11
         Ring mail         |     3 |    15 |       |       |       ||    18
         Chain mail        |       |    15 |    70 |    85 |    17 ||   187
         Skin              |       |       |       |    19 |   283 ||   302
  Dodge: Dodged            |    44 |    43 |    99 |   292 |   407 ||   885
   Form: Statue            |       |       |       |       |     2 ||     2
         Beast             |       |       |       |       |     1 ||     1
                           |       |       |       |       |     1 ||     1

Table legend: (Time is in decaauts)
 A = Elapsed time spent in this place.
 B = Non-inter-level travel time spent in this place.
 C = Inter-level travel time spent in this place.
 D = Time resting spent in this place.
 E = Time spent auto-exploring this place.
 F = Levels seen in this place.
 G = Mean time per level.
                   A        B        C        D        E       F      G
               +--------+--------+--------+--------+--------+-----+--------+
         Total |  28813 |  27614 |   1199 |  10288 |  11949 |  22 | 1309.7 |
       Dungeon |  15044 |  14333 |    711 |   4816 |   7181 |  12 | 1253.7 |
        Temple |     40 |      5 |     35 |      0 |      2 |   1 |   40.0 |
          Lair |  10349 |   9919 |    430 |   3488 |   4237 |   5 | 2069.8 |
  Orcish Mines |    997 |    977 |     20 |    516 |    307 |   2 |  498.5 |
        Bailey |    579 |    579 |      0 |    330 |     39 |   1 |  579.0 |
       Volcano |   1801 |   1801 |      0 |   1137 |    181 |   1 | 1801.0 |
               +--------+--------+--------+--------+--------+-----+--------+

Top non-repeatable levels by time:
  Lair:2: 2647 daAuts
  Lair:5: 2117 daAuts
  Lair:1: 2049 daAuts
  Lair:4: 2014 daAuts
    D:10: 1919 daAuts
 Volcano: 1801 daAuts
    D:11: 1709 daAuts
     D:5: 1645 daAuts
     D:8: 1629 daAuts
     D:3: 1605 daAuts
  Lair:3: 1520 daAuts
     D:9: 1509 daAuts
     D:7: 1152 daAuts
     D:6: 1018 daAuts
   Orc:1: 943 daAuts
